 Dungeon Crawl Stone Soup version 0.29.0-4-gdea44cf6ec (webtiles) character file.

Game seed: 895648791184992595

174176 ProzacElf the Spry (level 18, 0/138 HPs)
             Began as a Djinni Arcane Marksman on Aug 27, 2022.
             Was the Champion of Okawaru.
             Slain by a salamander mystic
             ... wielding a +0 quarterstaff
              (2 damage)
             ... on level 4 of the Snake Pit on Aug 28, 2022.
             The game lasted 02:40:38 (37825 turns).

ProzacElf the Spry (Djinni Arcane Marksman)        Turns: 37825, Time: 02:40:39

Health: 0/138      AC:  5    Str: 10    XL:     18   Next: 71%
Gold:   1654       EV: 25    Int: 16    God:    Okawaru [******] SH:  0 Dex: 23

rFire   + + +      SeeInvis +   a - +8 longbow of Governance {freeze, rC+ Will+ Dex+4}
rCold   + + .      Faith    +   (shield currently unavailable)
rNeg    + . .      Spirit   .   v - +0 steam dragon scales
rPois   ∞          Reflect  .   r - +1 helmet of Curiosity {rN+ Str+2}
rElec   +          Harm     .   D - scarf {repulsion}
rCorr   +          Rampage  +   i - +1 Delatra's gloves {ID++}
Will    ++...                   (boots unavailable)
Stlth   +++.......              C - amulet of Gin and Tonic {Faith Rampage rElec rPois rCorr Str-3}
HPRegen 0.33/turn               Z - ring "Sotzog" {*Corrode rElec rF+ rC++ SInv}
MPRegen 0.00/turn               S - +4 ring of slaying {=R}

@: corroded, flying, studying Dodging, repel missiles
A: sickness immunity, fire resistance 2, cold vulnerability 1, float, innate
caster, HP casting, extra vitality 1, mutation resistance 1, screaming 1
a: Renounce Religion, Heroism, Finesse, Duel


You were on level 4 of the Snake Pit.
You worshipped Okawaru.
Okawaru was exalted by your worship.
You visited 5 branches of the dungeon, and saw 27 of its levels.
You also visited: Bailey and Gauntlet.

You collected 4191 gold pieces.
You spent 2537 gold pieces at shops.

Inventory:

Hand Weapons
 a - the +8 longbow of Governance (weapon) {freeze, rC+ Will+ Dex+4}
   (Okawaru gifted it to you on level 5 of the Lair of Beasts)

   Any ammunition fired from it freezes those it strikes, dealing additional
   cold damage.
   It can also slow down cold-blooded creatures.
   Dex:       It affects your dexterity (+4).
   rC:        It protects you from cold.
   Will:      It increases your willpower.
 b - a +4 vampiric scimitar
 h - the +1 great sword "Jefonan" {flame, +Blink}
   (You found it on level 4 of the Snake Pit)

   It burns those it strikes, dealing additional fire damage.
   Big, fiery blades are also staple armaments of hydra-hunters.
   +Blink:    It lets you blink.
 F - the +6 dire flail of Melee {flame, rC++ rCorr}
   (You found it in a Gauntlet)

   It burns those it strikes, dealing additional fire damage.
   rC:        It greatly protects you from cold.
   rCorr:     It protects you from acid and corrosion.
 T - a +2 scimitar of flaming
Missiles
 e - 45 poisoned darts
 j - 3 curare-tipped darts
Armour
 i - the +1 Delatra's gloves (worn) {ID++}
   (You found it on level 2 of the Dungeon)

   It heals its wearer when they drink unknown potions.
   It restores its wearer's MP when they read unknown scrolls.
 p - the +3 hat of Pondering {ponderous, Will+ MP+10 Int+5}
   (You took it off Gastronok on level 1 of the Lair of Beasts)

   Int:       It affects your intelligence (+5).
   MP:        It affects your magic capacity (+10).
   Will:      It increases your willpower.
 r - the +1 helmet of Curiosity (worn) {rN+ Str+2}
   (You found it in a Gauntlet)

   Str:       It affects your strength (+2).
   rN:        It protects you from negative energy.
 v - +0 steam dragon scales (worn)
 D - a scarf of repulsion (worn)
Jewellery
 d - a ring of resist corrosion
 C - the amulet of Gin and Tonic (around neck) {Faith Rampage rElec rPois rCorr Str-3}
   (You acquired it on level 4 of the Lair of Beasts)

   [amulet of faith]

   It allows you to gain divine favour quickly.
   Str:       It affects your strength (-3).
   rElec:     It insulates you from electricity.
   rPois:     It protects you from poison.
   rCorr:     It protects you from acid and corrosion.
   Rampage:   It bestows one free step when moving towards enemies.
 S - a +4 ring of slaying (right hand) {=R}
 Z - the ring "Sotzog" (left hand) {*Corrode rElec rF+ rC++ SInv}
   (You bought it in a shop on level 2 of the Orcish Mines)

   [ring of see invisible]

   rF:        It protects you from fire.
   rC:        It greatly protects you from cold.
   rElec:     It insulates you from electricity.
   SInv:      It lets you see invisible.
   *Corrode:  It may corrode you when you take damage.
Wands
 m - a wand of flame (66)
 s - a wand of mindburst (18)
 x - a wand of polymorph (14)
 M - a wand of roots (21)
 U - a wand of digging (13)
 W - a wand of light (11)
Scrolls
 f - 2 scrolls of fear
 g - 7 scrolls of identify
 n - 11 scrolls of teleportation
 o - 6 scrolls of enchant weapon
 t - 7 scrolls of poison
 u - 2 scrolls of blinking
 y - 2 scrolls of brand weapon
 E - 4 scrolls of magic mapping
 K - a scroll of silence
 N - 6 scrolls of vulnerability
 P - 2 scrolls of enchant armour
 R - 3 scrolls of immolation
Potions
 c - 2 potions of invisibility
 k - 2 potions of brilliance
 z - 3 potions of resistance
 A - a potion of haste
 G - 11 potions of curing
 H - 5 potions of mutation
 V - 4 potions of might
 X - a potion of lignification
Miscellaneous
 l - a lightning rod (1/4) {!a}
 L - a phial of floods (inert)
 O - a condenser vane (inert)
 Q - a tin of tremorstones (2/2)


   Skills:
 - Level 15.0 Fighting
 - Level 10.0 Long Blades
 - Level 15.0 Ranged Weapons
 + Level 2.3 Armour
 + Level 15.4 Dodging
 - Level 5.0 Stealth
 - Level 5.0 Spellcasting
 - Level 10.0 Invocations
 - Level 10.9 Evocations


You couldn't memorise any spells.
You knew the following spells:

 Your Spells              Type           Power      Damage    Failure   Level
a - Slow                  Hex            80%        N/A       1%          1
b - Inner Flame           Hex/Fire       20%        N/A       6%          3
c - Portal Projectile     Hex/Tloc       40%        N/A       6%          3
d - Cause Fear            Hex            10%        N/A       19%         4
e - Sting                 Tmut/Pois      80%        1d7       1%          1
f - Passwall              Tmut/Erth      16%        N/A       3%          2
g - Stone Arrow           Conj/Erth      40%        3d9       6%          3
h - Leda's Liquefaction   Hex/Erth       10%        N/A       19%         4
i - Iskenderun's Battles  Conj           20%        2d7       47%         5
j - Lightning Bolt        Conj/Air       10%        1d23      47%         5
k - Summon Cactus Giant   Summ           10%        N/A       96%         6
l - Storm Form            Tmut/Air       10%        N/A       100%        7
Your spell library was empty.


Dungeon Overview and Level Annotations

Branches:
Dungeon (15/15)            Temple (1/1) D:6            Lair (5/5) D:9
 Shoals (0/4) Lair:2        Snake (4/4) Lair:2        Slime (0/5) Lair:4
    Orc (2/2) D:12            Elf (0/3) Orc:2        Vaults (0/5) D:13
 Depths (0/4) D:15         Bailey (visited)         Gauntlet (visited)

Altars:
Ashenzari
Cheibriados
Dithmenos
Elyvilon
Fedhas
Gozag
Hepliaklqana
Makhleb
Nemelex Xobeh
Okawaru
Qazlal
Ru
Trog
Uskayaw
Wu Jian
Xom
Yredelemnul
Zin
The Shining One
Jiyva

Shops:
D:10 (((   D:11 (   D:12 ((   D:14 [   Orc:2 =[*(   Snake:1 =::   Snake:2 *[:
Snake:4 (

Annotations:
D:11 2 transporters, rumses's ghost, journeyman HOFi
Lair:3 1 runed translucent door, quinnr's ghost, journeyman TeCj
Orc:2 2 transporters, freelancePsychic's ghost, journeyman DsWn


Innate Abilities, Weirdness & Mutations

You are immune to sickness and miasma.
You are immune to poison.
Your flesh is very heat resistant. (rF++)
You are vulnerable to cold. (rC-)
You float through the air rather than walking.
You learn spells naturally, not from books.
Your magical power is your life essence.
You have superior vitality. (+4 MHP)
You are somewhat resistant to further mutation.
You occasionally shout uncontrollably at your foes.


Message History

Tha salamander mestic attacks as ye move away!
Tha salamander mestic closely misses ye.
Tha salamander mestic attacks as ye move away!
Tha salamander mestic completely misses ye.
Tha salamander completely misses ye.
Press: ? - help, v - describe, . - travel 'ere: a salamander mestic, wieldin' a +0 quarterstaff an' wearin' a +0 robe (severely wounded, waterlogged) Tha floor.
Tha salamander mestic attacks as ye move away!
Tha salamander mestic completely misses ye.
Tha salamander mestic attacks as ye move away!
Tha salamander mestic hits ye wit' a +0 quarterstaff.
* * * LOW HITPOINT WARNIN'
* * * Ye be 'ngulfed in flames.
Ye resist.
* * * LOW HITPOINT WARNIN'
* * * Ye take 5 damage, an' haf 30/138 hp.
Tha salamander barely misses ye.
Tha salamander be nay longer waterlogged.
Tha salamander hits ye from afar wit' a +4 vorpal spear.
* * * LOW HITPOINT WARNIN'
* * * Ye be 'ngulfed in flames.
Ye resist.
* * * LOW HITPOINT WARNIN' * * * x2
Ye take 3 damage, an' haf 28/138 hp.
Tha salamander mestic completely misses ye.
Tha salamander hits ye from afar wit' a +4 vorpal spear!
* * * LOW HITPOINT WARNIN'
* * * Ye be 'ngulfed in flames.
Ye resist.
* * * LOW HITPOINT WARNIN' * * * x2
Ye take 12 damage, an' haf 16/138 hp.
Tha salamander be nay longer waterlogged.
Tha salamander barely misses ye.
Tha salamander mestic be nay longer waterlogged.
Tha salamander hits ye from afar wit' a +4 vorpal spear.
* * * LOW HITPOINT WARNIN'
* * * Ye be 'ngulfed in flames.
Ye resist.
* * * LOW HITPOINT WARNIN' * * * x2
Tha salamander mestic hits ye wit' a +0 quarterstaff!
* * * LOW HITPOINT WARNIN'
* * * Yer corrosive artefact corrodes ye!
Ye be 'ngulfed in flames.
Ye resist.
Ye die...

####### ####.....#
#....###.#
#####.###....#
#.........####♣♣♣♣♣
#.......~~~~~~~~~~♣♣
#.......~~~~~~~≈≈~~♣
###........~~~~~~≈≈≈~♣♣
~~........~~~~NN@≈≈≈≈~♣
~~..####...~~~N≈≈≈≈≈≈≈~♣
~~..# #...~~~~≈≈≈≈≈≈P~♣
....# #..).~~~~≈≈≈≈≈~~♣
....# #..~~~~~~~≈≈≈~~~♣
....# #..~~~~~~~~~~~~♣♣
....####...~~~~~~~~~♣♣♣
######....~)~~~~~~♣♣♣
######.....)####♣♣♣


You could see a salamander mystic and 2 salamanders.

Vanquished Creatures
  Frances (Snake:1)
  Gastronok (Lair:1)
  Kirke (Lair:2)
  A nagaraja (Snake:2)
  A minotaur (Gauntlet)
  The ghost of LynnLen the Unseen, a journeyman SpEn of Makhleb (D:13)
  A fire dragon (Lair:5)
  3 vault guards (D:13)
  8 hydras
  3 boulder beetles
  6 naga warriors
  A two-headed ogre (D:12)
  8 anacondas
  3 death yaks (Lair:2)
  A vampire mage (D:15)
  3 tengu warriors
  5 orc high priests
  4 shock serpents
  6 naga sharpshooters
  2 skeletal warriors (D:15)
  2 salamander mystics
  3 sea snakes (Snake:4)
  A fire crab (Lair:5)
  A golden dragon zombie (D:15)
  7 naga ritualists
  A wizard (D:15)
  A tengu zombie (D:15)
  12 mana vipers
  A necromancer (D:15)
  8 orc knights
  6 orc sorcerers
  4 deep elf pyromancers
  3 oklob plants (Lair:5)
  14 ugly things
  5 manticores
  A manticore (shapeshifter) (D:13)
  15 elephants
  10 cyclopes
  9 salamanders
  A merfolk siren (Lair:2)
  44 black mambas
  An ice statue (Gauntlet)
  7 naga magi
  2 molten gargoyles (Lair:5)
  2 gargoyles
  15 cane toads
  A rime drake (Gauntlet)
  A spriggan zombie (D:15)
  A tengu conjurer (D:13)
  An efreet (D:14)
  2 kobold demonologists (D:9)
  15 komodo dragons
  A minotaur zombie (Gauntlet)
  A yaktaur (shapeshifter) (D:15)
  A yaktaur (D:15)
  4 trolls
  3 blink frogs (Lair:4)
  A hornet (D:10)
  A raiju (Gauntlet)
  A hornet (shapeshifter) (D:13)
  14 slime creatures
  A ynoxinul (D:13)
  Sigmund (D:2)
  3 vampires
  A centaur simulacrum (D:15)
  40 yaks
  7 wyverns
  8 humans
  4 steam dragons
  A wraith (D:10)
  2 hogs (Snake:1)
  3 vampire mosquitoes (D:13)
  27 nagas
  5 wargs
  10 water moccasins
  4 hell hounds
  26 orc warriors
  A floating eye zombie (D:15)
  An ice beast (D:5)
  2 black bears
  7 ogres
  5 centaurs
  2 phantoms
  6 kobold brigands
  8 bullfrogs
  2 necrophages
  4 scorpions
  17 killer bees
  12 howler monkeys
  An electric eel (Lair:4)
  7 lava snakes
  8 hounds
  22 orc priests
  2 iguanas
  A jelly (D:8)
  Ijyb (D:9)
  Natasha (D:2)
  25 orc wizards
  Robin (D:2)
  8 adders
  9 gnolls
  A shadow imp (D:6)
  2 white imps
  2 ufetubi
  A worm (D:4)
  2 dart slugs (D:4)
  72 orcs
  4 ball pythons
  5 bats
  6 endoplasms
  A giant cockroach (D:2)
  18 goblins
  16 hobgoblins
  5 jackals
  5 quokkas
  A frilled lizard (D:3)
  22 kobolds
  6 rats
749 creatures vanquished.

Vanquished Creatures (others)
  A rime drake (Gauntlet)
  A bush (Lair:5)
  27 fungi
  57 plants
  4 withered plants
90 creatures vanquished.

Grand Total: 839 creatures vanquished

Notes
Turn   | Place    | Note
-------+----------+-------------------------------------------
     0 | D:1      | ProzacElf the Djinni Arcane Marksman began the quest for
                  | the Orb.
     0 | D:1      | ProzacElf set off with the following spells memorised:
                  | Slow, Inner Flame, Portal Projectile, Cause Fear.
     0 | D:1      | Reached XP level 1. HP: 17/17 MP: 0/0
   688 | D:2      | Reached XP level 2. HP: 22/22 MP: 0/0
   751 | D:2      | Noticed Natasha
   757 | D:2      | Killed Natasha
   758 | D:2      | Reached XP level 3. HP: 23/27 MP: 0/0
   758 | D:2      | Learned a level 1 spell: Sting
   879 | D:2      | Noticed Sigmund
   894 | D:2      | Killed Sigmund
   895 | D:2      | Reached XP level 4. HP: 25/32 MP: 0/0
   895 | D:2      | Reached XP level 5. HP: 29/37 MP: 0/0
   895 | D:2      | Learned a level 2 spell: Passwall
   895 | D:2      | Reached XP level 6. HP: 33/42 MP: 0/0
  1052 | D:2      | Reached skill level 5 in Ranged Weapons
  1419 | D:2      | Found the +1 Delatra's gloves {ID++}
  1731 | D:2      | Noticed Robin
  1755 | D:2      | Killed Robin
  1756 | D:2      | Reached skill level 1 in Evocations
  2961 | D:3      | Reached XP level 7. HP: 36/47 MP: 0/0
  2961 | D:3      | Learned a level 3 spell: Stone Arrow
  4159 | D:4      | Reached skill level 5 in Dodging
  4159 | D:4      | Reached XP level 8. HP: 43/52 MP: 0/0
  4494 | D:5      | Entered Level 5 of the Dungeon
  4541 | D:5      | Reached skill level 1 in Long Blades
  4749 | D:5      | Identified the +2 plate armour "Nykualesh" {rPois Str-2
                  | Int+3}
  4818 | D:5      | Reached skill level 5 in Evocations
  5519 | D:6      | Found a stormy altar of Qazlal.
  5523 | D:6      | Found a blossoming altar of Fedhas.
  6026 | D:6      | Reached XP level 9. HP: 42/58 MP: 0/0
  6026 | D:6      | Learned a level 4 spell: Leda's Liquefaction
  6111 | D:6      | Found a staircase to the Ecumenical Temple.
  6127 | Temple   | Entered the Ecumenical Temple
  6210 | Temple   | Became a worshipper of Warmaster Okawaru
  6786 | D:6      | Reached skill level 5 in Long Blades
  7599 | D:7      | Reached skill level 5 in Fighting
  7606 | D:7      | Reached skill level 1 in Invocations
  7712 | D:7      | Reached * piety under Okawaru
  8922 | D:8      | Found a hazy altar of Hepliaklqana.
  9428 | D:9      | Reached XP level 10. HP: 66/70 MP: 0/0
  9439 | D:9      | Reached ** piety under Okawaru
  9484 | D:9      | Found a staircase to the Lair.
  9498 | D:9      | Noticed a kobold demonologist
  9507 | D:9      | Killed a kobold demonologist
  9508 | D:9      | Reached skill level 5 in Invocations
  9545 | D:9      | Noticed a kobold demonologist
  9553 | D:9      | Noticed a sixfirhy
  9560 | D:9      | Killed a kobold demonologist
  9560 | D:9      | Reached *** piety under Okawaru
  9746 | D:9      | Noticed Ijyb
  9775 | D:9      | Killed Ijyb
  9817 | D:9      | Received a gift from Okawaru
  9845 | D:9      | Reached **** piety under Okawaru
  9938 | D:9      | Reached XP level 11. HP: 75/75 MP: 0/0
  9938 | D:9      | Learned a level 5 spell: Iskenderun's Battlesphere
 10795 | Lair:1   | Entered Level 1 of the Lair of Beasts
 10886 | Lair:1   | Reached ***** piety under Okawaru
 10887 | Lair:1   | Reached skill level 10 in Ranged Weapons
 10998 | Lair:1   | Noticed Gastronok
 11024 | Lair:1   | Killed Gastronok
 11122 | Lair:1   | Received a gift from Okawaru
 11166 | Lair:1   | Reached XP level 12. HP: 74/81 MP: 0/0
 11245 | Lair:1   | Noticed a seven-headed hydra
 11289 | Lair:1   | Killed a seven-headed hydra
 11396 | Lair:1   | Identified the +0 leather armour "Rihezeh" {rC+ Int+3}
 11855 | Lair:2   | Found a staircase to the Shoals.
 11970 | Lair:2   | Received a gift from Okawaru
 12195 | Lair:2   | Found a staircase to the Snake Pit.
 12955 | Lair:3   | Noticed a death yak
 12958 | Lair:3   | Noticed a death yak
 12967 | Lair:3   | Noticed a death yak
 12968 | Lair:3   | Noticed a death yak
 13036 | Lair:2   | Killed a death yak
 13122 | Lair:3   | Reached skill level 10 in Dodging
 13154 | Lair:3   | Noticed a four-headed hydra
 13170 | Lair:3   | Killed a four-headed hydra
 13182 | Lair:3   | Identified the +0 pair of gloves of Grace {Harm Rampage
                  | *Corrode Slay+5} (Okawaru gifted it to you on level 3 of
                  | the Lair of Beasts)
 13182 | Lair:3   | Received a gift from Okawaru
 13192 | Lair:3   | Found a gate leading to a gauntlet.
 13217 | Gauntlet | Entered a Gauntlet
 13217 | Gauntlet | Found a transporter.
 13225 | Gauntlet | Found a transporter.
 13227 | Gauntlet | Found a transporter.
 13240 | Gauntlet | Found a transporter.
 13241 | Gauntlet | Found a transporter.
 13248 | Gauntlet | Noticed a death drake
 13258 | Gauntlet | Found a transporter.
 13271 | Gauntlet | Found a transporter.
 13271 | Gauntlet | Noticed a death scarab
 13282 | Gauntlet | Found a transporter.
 13283 | Gauntlet | Noticed a death scarab
 13294 | Gauntlet | Found a transporter.
 13309 | Gauntlet | Found a runed translucent door.
 13309 | Gauntlet | Found a runed translucent door.
 13313 | Gauntlet | Found a transporter.
 13327 | Gauntlet | Found a transporter.
 13329 | Gauntlet | Found a transporter.
 13391 | Gauntlet | Found a transporter.
 13394 | Gauntlet | Found a transporter.
 13398 | Gauntlet | Found the +3 robe of Clouds {*Thunder rCloud rElec}
 13898 | Gauntlet | Identified the +1 helmet of Curiosity {rN+ Str+2}
 13912 | Gauntlet | Noticed a minotaur
 13928 | Gauntlet | Killed a minotaur
 13929 | Gauntlet | Reached skill level 10 in Long Blades
 13929 | Gauntlet | Reached XP level 13. HP: 43/85 MP: 0/0
 13929 | Gauntlet | Learned a level 5 spell: Lightning Bolt
 13976 | Gauntlet | Identified the +6 dire flail of Melee {flame, rC++ rCorr}
 14184 | Lair:2   | Gained mutation: You are somewhat resistant to further
                  | mutation. [potion of mutation]
 14184 | Lair:2   | Gained mutation: You occasionally shout uncontrollably at
                  | your foes. [potion of mutation]
 15020 | Lair:3   | Found a runed translucent door.
 15022 | Lair:3   | Noticed quinnr's ghost (journeyman TeCj)
 15961 | Lair:4   | Identified a scroll of acquirement
 15962 | Lair:4   | Acquired the amulet of Gin and Tonic {Faith Rampage rElec
                  | rPois rCorr Str-3}
 16958 | Lair:4   | Found a viscous altar of Jiyva.
 16959 | Lair:4   | Found a staircase to the Slime Pits.
 17028 | Lair:4   | Noticed a four-headed hydra
 17038 | Lair:4   | Killed a four-headed hydra
 17481 | Lair:5   | Entered Level 5 of the Lair of Beasts
 17482 | Lair:5   | Acquired a manual of Fighting
 17592 | Lair:5   | Identified the +8 longbow of Governance {freeze, rC+ Will+
                  | Dex+4} (Okawaru gifted it to you on level 5 of the Lair of
                  | Beasts)
 17592 | Lair:5   | Received a gift from Okawaru
 18291 | Lair:5   | Noticed a seven-headed hydra
 18292 | Lair:5   | Reached skill level 10 in Invocations
 18296 | Lair:5   | Killed a seven-headed hydra
 18296 | Lair:5   | Identified the +2 quarterstaff of Gloom {vorpal, rN+ Int+3
                  | SInv Stlth+} (Okawaru gifted it to you on level 5 of the
                  | Lair of Beasts)
 18296 | Lair:5   | Received a gift from Okawaru
 18296 | Lair:5   | Reached ****** piety under Okawaru
 18297 | Lair:5   | Reached skill level 10 in Fighting
 18330 | Lair:4   | Reached XP level 14. HP: 32/103 MP: 0/0
 18725 | Lair:5   | Found a large runed translucent door.
 18725 | Lair:5   | Found a large runed translucent door.
 20310 | D:10     | Entered Level 10 of the Dungeon
 20344 | D:10     | Found Sozum's Weapon Emporium.
 20361 | D:10     | Found a flagged portal.
 20370 | Bailey   | Entered a bailey
 20785 | D:10     | Found Jesh's Antique Weapon Shop.
 20814 | D:10     | Found a basalt altar of Yredelemnul.
 20893 | D:10     | Found a burning altar of Makhleb.
 20934 | D:10     | Received a gift from Okawaru
 21002 | D:10     | Found a white marble altar of Elyvilon.
 21283 | D:10     | Found Vumisan's Weapon Shop.
 21401 | D:11     | Found Puosialo's Antique Weapon Boutique.
 21737 | D:11     | Found a transporter.
 21960 | D:11     | Found a transporter.
 21983 | D:11     | Found a bloodstained altar of Trog.
 21984 | D:11     | Noticed rumses's ghost (journeyman HOFi)
 22321 | D:12     | Found Seriaf's Weapon Shoppe.
 22323 | D:12     | Found a staircase to the Orcish Mines.
 22602 | D:12     | Received a gift from Okawaru
 22836 | D:12     | Found Qiorol's Antique Weapon Emporium.
 23154 | Orc:1    | Entered Level 1 of the Orcish Mines
 23595 | Orc:2    | Entered Level 2 of the Orcish Mines
 23672 | Orc:2    | Found a transporter.
 23685 | Orc:2    | Noticed freelancePsychic's ghost (journeyman DsWn)
 23690 | Orc:2    | Found a transporter.
 23706 | Orc:2    | Reached XP level 15. HP: 108/118 MP: 0/0
 23706 | Orc:2    | Learned a level 6 spell: Summon Cactus Giant
 23765 | Orc:2    | Found a staircase to the Elven Halls.
 24244 | Arena    | Entered the Arena
 25404 | Orc:1    | Reached skill level 15 in Fighting
 26478 | Orc:2    | Found Voeps's Weapon Shop.
 26478 | Orc:2    | Found Berriojo's Jewellery Shop.
 26479 | Orc:2    | Found Sohapru's Assorted Antiques.
 26479 | Orc:2    | Found Ruadd's Antique Armour Shoppe.
 26513 | Orc:2    | Bought a bubbling brown potion for 20 gold pieces
 26513 | Orc:2    | Bought a scroll of blinking for 172 gold pieces
 26527 | Orc:2    | Bought the ring "Sotzog" {*Corrode rElec rF+ rC++ SInv} for
                  | 670 gold pieces
 26529 | Orc:2    | Bought an embroidered cloak for 240 gold pieces
 26886 | D:13     | Identified the +1 shortbow of Naqaalav {freeze, Contam
                  | rElec rCorr Stlth+}
 27003 | D:13     | Found a runed translucent door.
 27271 | D:13     | Found a gate to the Vaults.
 27312 | D:13     | Noticed LynnLen's ghost (journeyman SpEn)
 27492 | D:13     | Killed LynnLen's ghost
 27492 | D:13     | Identified the +1 hat of Sin {rF+ Int+4} (Okawaru gifted it
                  | to you on level 13 of the Dungeon)
 27492 | D:13     | Received a gift from Okawaru
 27676 | D:14     | Found a white marble altar of Elyvilon.
 27978 | D:14     | Identified the +5 scale mail "Ixtix" {rCorr}
 28812 | D:14     | Found Loves's Armour Boutique.
 28851 | D:14     | Reached skill level 5 in Spellcasting
 29299 | D:14     | Reached XP level 16. HP: 126/126 MP: 0/0
 29807 | D:15     | Entered Level 15 of the Dungeon
 30132 | D:15     | Found a staircase to the Depths.
 30362 | D:15     | Reached skill level 1 in Stealth
 31263 | Snake:1  | Entered Level 1 of the Snake Pit
 31277 | Snake:1  | Noticed Kirke
 31418 | Lair:2   | Killed Kirke
 31418 | Lair:2   | Received a gift from Okawaru
 31730 | Snake:1  | Found Nixegom's Jewellery Shoppe.
 31730 | Snake:1  | Found Nolot's Book Shop.
 31731 | Snake:1  | Found Woozxut's Book Shop.
 31737 | Snake:1  | Bought a manual of Dodging for 1360 gold pieces
 31954 | Snake:1  | Noticed Frances
 31955 | Snake:1  | Reached skill level 15 in Ranged Weapons
 31962 | Snake:1  | HP: 6/126 [Frances/+0 scimitar (15)]
 32763 | Snake:1  | Reached skill level 5 in Stealth
 32767 | Snake:1  | Killed Frances
 33239 | Snake:2  | Received a gift from Okawaru
 33240 | Snake:2  | Noticed a nagaraja
 33538 | Snake:2  | Found Piysaovu's Book Shop.
 33545 | Snake:2  | Found Lius's Antique Armour Boutique.
 33645 | Snake:2  | Killed a nagaraja
 33747 | Snake:2  | Found Oqenk's General Store.
 33756 | Snake:2  | Bought a potion of heal wounds for 75 gold pieces
 33835 | Snake:2  | Reached XP level 17. HP: 84/131 MP: 0/0
 33835 | Snake:2  | Learned a level 7 spell: Storm Form
 34547 | Snake:2  | Received a gift from Okawaru
 36477 | Snake:4  | Entered Level 4 of the Snake Pit
 36722 | Snake:4  | Identified the +4 halberd of Okawaru's Delight {vorpal,
                  | Int+3 Stlth+} (Okawaru gifted it to you on level 4 of the
                  | Snake Pit)
 36722 | Snake:4  | Received a gift from Okawaru
 36832 | Snake:4  | Found Naivoahac's Weapon Shop.
 37122 | Snake:4  | Identified the +1 great sword "Jefonan" {flame, +Blink}
 37168 | Snake:4  | Reached skill level 15 in Dodging
 37310 | Snake:4  | Identified the +0 robe of Qaakuurosy {+Inv rN+ Dex-4}
 37317 | Snake:4  | HP: 3/196 [sea snake (15)]
 37321 | Snake:4  | Reached skill level 10 in Evocations
 37321 | Snake:4  | Reached XP level 18. HP: 31/138 MP: 0/0
 37330 | Snake:4  | Reached skill level 1 in Armour
 37332 | Snake:4  | Identified the +1 chain mail of Depression {Int+3} (Okawaru
                  | gifted it to you on level 4 of the Snake Pit)
 37332 | Snake:4  | Received a gift from Okawaru
 37825 | Snake:4  | HP: 2/138 [salamander mystic/+0 quarterstaff (8)]
 37825 | Snake:4  | Slain by a salamander mystic

Illustrated notes

Levels and vault maps discovered:
D:1:      minmay_arrival_arboretum_small, layout_basic, kennysheep_another_room
D:2:      layout_basic, pf_guarded_unrand_delatra, uniq_robin, uniq_natasha,
          uniq_sigmund
D:3:      layout_basic, item_on_display_a
D:4:      layout_basic
D:5:      nicolae_cairo_tiling_large_dashed, layout_loops_ring
D:6:      layout_basic, grunt_temple_overflow_forces_of_nature,
          minmay_temple_entry_mini_moons
D:7:      layout_cave_pods
D:8:      layout_gridville, palyth_temple_overflow_mages, lemuel_crystal_altar,
          hex_large
D:9:      erik_cavepeople, layout_cave_pools, roderic_malta_cross,
          minmay_misc_feat_square, uniq_maurice
D:10:     layout_roguey, jmf_multi_god_temple, elyvilon_altar_5, serial_shops,
          nicolae_shop_bloodbath_and_beyond, nicolae_lakefront_shop,
          nicolae_take_the_stairs, enter_bailey_8
D:11:     layout_roguey, gammafunk_ghost_wrathful_warriors, serial_shops,
          nicolae_shop_waterfront
D:12:     layout_rooms, orc_david_3, serial_shops, nicolae_stop_n_shop_2,
          serial_curves, eino_curves_01, eino_curves_03
D:13:     layout_loops_cross, grunt_vaults_entry_fortified,
          hellmonk_ghost_big_iron, lemuel_old_faithful
D:14:     layout_small_grid, serial_shops, shop, lemuel_crystal_altar
D:15:     gammafunk_depths_entry_grave, layout_long_grid,
          hangedman_abyss_or_decor_lesser_grid
Temple:   cyrus_circular_temple
Lair:1:   layout_roguey, uniq_gastronok
Lair:2:   layout_cave_pods, minmay_shoals_entry_lonely_mermaid,
          minmay_snake_entry_guardpost_medium, grunt_megastairs_4
Lair:3:   layout_cave_pods, gauntlet_entry_generic, gammafunk_ghost_grave,
          wad_woods_road_03, beast_lair_carwin_4
Lair:4:   cheibrodos_lair_river_kwai, layout_layer_cave,
          dpeg_slime_entry_enclosed, nicolae_quartered_pool_super
Lair:5:   cheibrodos_lair_end_hotspot, layout_regular_city, dpeg_oklob_1
Snake:1:  layout_basic, minmay_shop_grove, uniq_frances, uniq_kirke
Snake:2:  layout_gridlike, serial_shops, shop, minmay_shoptagon
Snake:3:  layout_chambers, grunt_megastairs_3, serial_bayou_shore_b,
          nicolae_triple_integral
Snake:4:  grunt_snake_rune_pools, layout_basic, serial_shops,
          nicolae_shop_waterfront, drop_trap, serial_bayou_shore_a
Orc:1:    layout_caves
Orc:2:    st_orc_elflike, layout_diamond_mine, gammafunk_ghost_arena

Skill      XL: |  1  2  3  4  5  6  7  8  9 10 11 12 13 14 15 16 17 18 |
---------------+-------------------------------------------------------+-----
Ranged Weapons | 2 4 5 6 8 10 11 13 15 | 15.0
Evocations     | 2 3 5 6 10 | 10.9
Dodging        | 3 5 7 10 12 15 | 15.4
Long Blades    | 4 5 6 10 | 10.0
Fighting       | 2 5 10 14 15 | 15.0
Invocations    | 3 7 10 | 10.0
Spellcasting   | 5 |  5.0
Stealth        | 5 |  5.0
Armour         | 2 |  2.3

Action                   |  1- 3 |  4- 6 |  7- 9 | 10-12 | 13-15 | 16-18 || total
-------------------------+-------+-------+-------+-------+-------+-------++-------
Melee: Falchion          |       |    15 |    36 |       |       |       ||    51
       Punch             |       |     1 |     2 |    14 |     8 |       ||    25
       Long sword        |       |       |   195 |   551 |    94 |       ||   840
       Rapier            |       |       |       |    18 |       |       ||    18
       Shortbow          |       |       |       |     1 |       |       ||     1
       Scimitar          |       |       |       |       |   228 |    25 ||   253
 Fire: Sling             |    28 |   204 |   276 |    33 |       |       ||   541
       Shortbow          |       |       |       |   127 |   129 |       ||   256
       Longbow           |       |       |       |       |   746 |   657 ||  1403
Throw: Dart              |     1 |       |       |       |     5 |       ||     6
 Cast: Sting             |     3 |       |       |     3 |       |       ||     6
       Slow              |     1 |       |       |       |       |       ||     1
       Inner Flame       |       |       |     1 |       |       |       ||     1
Invok: Heroism           |       |       |       |     2 |     3 |     4 ||     9
       Finesse           |       |       |       |     1 |     3 |     3 ||     7
       Duel              |       |       |       |       |     1 |       ||     1
Evoke: Wand              |       |       |     3 |    15 |       |       ||    18
       Tin of tremorston |       |       |       |     2 |       |       ||     2
       Condenser vane    |       |       |       |       |     1 |     2 ||     3
       Phial of floods   |       |       |       |       |     1 |     1 ||     2
       Lightning rod     |       |       |       |       |       |     6 ||     6
  Use: Potion            |     3 |     1 |     1 |    10 |     5 |     9 ||    29
       Scroll            |       |       |     9 |     6 |    14 |     1 ||    30
 Stab: Distracted        |       |       |       |     1 |       |       ||     1
       Sleeping          |       |       |       |       |     1 |       ||     1
Armor: Robe              |     1 |       |       |       |       |       ||     1
       Leather armour    |     2 |    21 |       |     2 |       |       ||    25
       Steam dragon scal |       |     7 |   126 |   208 |   168 |    35 ||   544
       Skin              |       |       |       |       |       |    25 ||    25
Dodge: Dodged            |     6 |   104 |   314 |   551 |   852 |   319 ||  2146
       Repelled          |       |       |       |       |     8 |    22 ||    30
